 Dungeon Crawl Stone Soup version 0.24.0-37-gcf1ca852f1 (webtiles) character file.

Game seed: 11675765110975801314, levelgen mode: deterministic

133984 Belius the Fencer (level 17, 0/123 HPs)
             Began as a Formicid Abyssal Knight on Dec 6, 2019.
             Was an Elder of Lugonu.
             Killed from afar by a hellion (37 damage)
             ... with damnation
             ... on level 1 of the Abyss.
             The game lasted 02:12:02 (32796 turns).

Belius the Fencer (Formicid Abyssal Knight)        Turns: 32796, Time: 02:12:03

Health: 0/123      AC: 43    Str: 18    XL:     17   Next: 74%
Magic:  19/22      EV:  4    Int:  9    God:    Lugonu [****..]
Gold:   2521       SH: 27    Dex: 10    Spells: 16/16 levels left

rFire    + + .     SeeInvis +   b - +8 great sword (distort)
rCold    + . .     Gourm    .   B - +7 large shield "Zabeg" {+Inv rF+ rCorr Str-5 SInv}
rNeg     . . .     Faith    .   q - +14 crystal plate armour of Iheimam {Str+4 Stlth+}
rPois    +         Spirit   .   (helmet unavailable)
rElec    .         Reflect  .   t - +2 cloak {rPois}
rCorr    +         Harm     .   d - +0 pair of gloves
MR       +....                  f - +0 pair of boots
Stlth    ..........             C - amulet of regeneration
HPRegen  0.70/turn              x - ring of protection from fire
MPRegen  0.18/turn              E - ring of protection from cold

@: no status effects
A: permanent stasis, dig shafts and tunnels, four strong arms, antennae 3,
[dopey 2], [frail 1], [low mp 1], [weak 2], [subdued magic 1]
a: Dig, Shaft Self, Depart the Abyss, Bend Space, Banish, Corrupt, Renounce
Religion, Evoke Invisibility


You were on level 1 of the Abyss.
You worshipped Lugonu.
Lugonu was greatly pleased with you.
You were not hungry.

You visited 4 branches of the dungeon, and saw 27 of its levels.
You visited the Abyss 4 times.
You also visited: Sewer and Bailey.

You collected 3163 gold pieces.
You spent 642 gold pieces at shops.

Inventory:

Hand Weapons
 b - a +8 great sword of distortion (weapon)
 F - the +6 falchion "Iniv Odeucw" {flame, rElec rF+}
   (You found it on level 9 of the Dungeon)

   It has been specially enchanted to burn those struck by it, causing extra
   injury to most foes and up to half again as much damage against particularly
   susceptible opponents.
   Big, fiery blades are also staple armaments of hydra-hunters.
   It protects you from fire.
   It insulates you from electricity.
 H - a +2 great sword
 O - a +5 falchion
 Q - a +2 great sword of flaming
 Z - a +4 falchion
Armour
 a - the +5 scale mail of the Moon Troll {rF+ Str+4 Int-4 Dex+3}
   (You found it on level 13 of the Dungeon)

   It affects your strength (+4).
   It affects your intelligence (-4).
   It affects your dexterity (+3).
   It protects you from fire.
 d - a +0 pair of gloves (worn)
 e - a +3 buckler of reflection
 f - a +0 pair of boots (worn)
 p - a +0 shield
 q - the +14 crystal plate armour of Iheimam (worn) {Str+4 Stlth+}
   (You acquired it on level 4 of the Shoals)

   It affects your strength (+4).
   It makes you more stealthy.
 t - a +2 cloak of poison resistance (worn)
 w - a +0 chain mail of fire resistance
 y - the +1 shield of the Country {Str+4 SInv}
   (You found it on level 7 of the Dungeon)

   It affects your strength (+4).
   It lets you see invisible.
 B - the +7 large shield "Zabeg" (worn) {+Inv rF+ rCorr Str-5 SInv}
   (You acquired it on level 4 of the Shoals)

   It affects your strength (-5).
   It protects you from fire.
   It lets you see invisible.
   It lets you turn invisible.
   It provides partial protection from all sources of acid and corrosion.
 J - a +0 chain mail of poison resistance
 K - a scarf of repulsion
 P - a +2 plate armour of cold resistance
 W - a +1 chain mail of magic resistance
Jewellery
 g - an uncursed ring of positive energy
 x - a ring of protection from fire (left hand)
 C - an amulet of regeneration (around neck)
 E - a ring of protection from cold (right hand)
 G - an uncursed amulet of guardian spirit
 M - an uncursed ring of positive energy
 S - an uncursed ring of protection from magic
Scrolls
 i - 6 scrolls of remove curse
 l - 2 scrolls of fear
 m - 5 scrolls of amnesia
 n - 5 scrolls of magic mapping
 o - a scroll of silence
 u - 6 scrolls of enchant armour
 z - a scroll of fog
 I - 2 scrolls of immolation
 T - 9 scrolls of identify
 V - a scroll of vulnerability
Potions
 h - 2 potions of heal wounds
 j - 10 potions of curing
 k - 4 potions of resistance
 r - 5 potions of brilliance
 v - 4 potions of flight
 U - 2 potions of ambrosia
Miscellaneous
 D - a phial of floods
 R - a sack of spiders
Comestibles
 c - 35 rations


   Skills:
 + Level 13.2 Fighting
 * Level 16.5 Long Blades
 + Level 13.4 Armour
 - Level 1.2 Dodging
 * Level 10.7 Stealth
 + Level 16.2 Shields
 + Level 10.4 Invocations
 + Level 3.3 Evocations


You had 16 spell levels left.
You didn't know any spells.
Your spell library contained the following spells:

 Spells                   Type           Power        Failure   Level  Hunger
 Animate Skeleton         Necr           N/A          100%        1    ##.....
 Apportation              Tloc           #.....       100%        1    ##.....
 Confusing Touch          Hex            #.....       100%        1    ##.....
 Corona                   Hex            #......      100%        1    ##.....
 Freeze                   Ice            #...         100%        1    ##.....
 Magic Dart               Conj           #...         100%        1    ##.....
 Pain                     Necr           #...         100%        1    ##.....
 Shock                    Conj/Air       #...         100%        1    ##.....
 Summon Butterflies       Summ           #.......     100%        1    ##.....
 Summon Small Mammal      Summ           #...         100%        1    ##.....
 Ensorcelled Hibernation  Hex/Ice        #.....       100%        2    ###....
 Searing Ray              Conj           #.....       100%        2    ###....
 Swiftness                Chrm/Air       #.......     100%        2    ###....
 Throw Frost              Conj/Ice       #.....       100%        2    ###....
 Call Canine Familiar     Summ           #.......     100%        3    ####...
 Confuse                  Hex            #.......     100%        3    ####...
 Dazzling Spray           Conj/Hex       #.....       100%        3    ####...
 Lesser Beckoning         Tloc           #.........   100%        3    ####...
 Ozocubu's Armour         Chrm/Ice       #.......     100%        3    ####...
 Regeneration             Chrm/Necr      #.........   100%        3    ####...
 Static Discharge         Conj/Air       #.......     100%        3    ####...
 Tukima's Dance           Hex            #.......     100%        3    ####...
 Vampiric Draining        Necr           #.........   100%        3    ####...
 Airstrike                Air            #.........   100%        4    #####..
 Animate Dead             Necr           N/A          100%        4    #####..
 Force Lance              Conj/Tloc      #.......     100%        4    #####..
 Fulminant Prism          Conj/Hex       #.........   100%        4    #####..
 Iskenderun's Mystic Bla  Conj           #.......     100%        4    #####..
 Summon Ice Beast         Ice/Summ       #.......     100%        4    #####..
 Throw Icicle             Conj/Ice       #.......     100%        4    #####..
 Alistair's Intoxication  Tmut/Pois      #.......     100%        5    ######.
 Irradiate                Conj/Tmut      #.........   100%        5    ######.
 Lightning Bolt           Conj/Air       #.........   100%        5    ######.
 Summon Mana Viper        Hex/Summ       #.......     100%        5    ######.
 Hydra Form               Tmut           #.........   100%        6    #######
 Invisibility             Hex            #.......     100%        6    #######
 Statue Form              Tmut/Erth      #........    100%        6    #######
 Dragon Form              Tmut           #.........   100%        7    #######
 Summon Hydra             Summ           #.........   100%        7    #######


Dungeon Overview and Level Annotations

Branches:
Dungeon (15/15)            Temple (0/1) D:7            Lair (6/6) D:11
 Shoals (4/4) Lair:2       Spider (0/4) Lair:4          Orc (2/2) D:12
    Elf (0/3) Orc:2        Vaults (0/5) D:13         Depths (0/5) D:15
  Sewer (visited)          Bailey (visited)
  Slime: Lair:5-6

Altars:
Cheibriados
Dithmenos
Gozag
Hepliaklqana
Qazlal
Trog
Uskayaw
Vehumet
Wu Jian
Yredelemnul
Zin
The Shining One
Beogh

Shops:
D:11 *   Orc:2 %%[(

Annotations:
Lair:6 exclusion: oklob plant, execc's ghost, journeyman CeBe
Shoals:3 corrupted
Shoals:4 corrupted, Polyphemus


Innate Abilities, Weirdness & Mutations

You cannot be hasted, slowed, berserked, paralysed or teleported.
You can dig through walls and to a lower floor.
Your four strong arms can wield two-handed weapons with a shield.
You have a pair of large antennae on your head. (SInv)
[You are very dopey. (Int -4)]
[You are frail. (-10% HP)]
[Your magical capacity is low. (-10% MP)]
[You are very weak. (Str -4)]
[Your spells are a little easier to cast, but a little less powerful.]


Message History

You destroy the wretched star!
The hellion gestures at you.
The sphere of damnation explodes!
The damnation engulfs you!!
Your crystal plate armour of Iheimam prevents you from hitting the tentacled starspawn.
The tentacled starspawn is heavily damaged.
You slash the tentacled starspawn!
Space bends around the tentacled starspawn.
The tentacled starspawn is severely damaged.
You slice the tentacled starspawn!!
You destroy the tentacled starspawn!
The starspawn's tentacles wither and die.
You feel the corruption within you wane somewhat.
You feel more energetic.
You feel robust.
Your body's shape seems more normal.
You feel robust.
Your connection to magic feels less subdued.
The hellion gestures at you.
The sphere of damnation explodes!
The damnation engulfs you! The hellion gestures at you.
The sphere of damnation explodes!
The damnation engulfs you!!!
You die...

. .# #..#
# # . # .#
#....##.#
# #.#...#
.
#...###2#
# .#....##
#.#...##@#
###.######
. + . .. .
..# # #
##### #
#.. .. ..
. .. # {#.
## # ...
.# .
...... .
.. ### ##


You could see a hellion.

Vanquished Creatures
  Saint Roka (Orc:2)
  A sphinx (D:12)
  A tentacled starspawn (Abyss:1)
  Nessos (Orc:2)
  A stone giant (Orc:2)
  5 merfolk javelineers
  5 merfolk impalers
  6 hydras
  2 centaur warriors
  3 catoblepae (Lair:6)
  A merfolk aquamancer (Shoals:4)
  An ogre mage (D:13)
  7 two-headed ogres
  A death knight (D:12)
  4 satyrs
  9 death yaks
  Urug (D:11)
  An orc high priest (Orc:2)
  4 thrashing horrors (Abyss:2)
  A wretched star (Abyss:1)
  3 sea snakes
  A spatial maelstrom (Abyss:1)
  5 skeletal warriors
  2 unseen horrors
  A flayed ghost (D:15)
  A large abomination (Abyss:2)
  A wizard (D:15)
  A lindwurm (Lair:6)
  7 harpies
  4 deep elf magi
  3 orc knights
  An orb spider (shapeshifter) (D:15)
  2 orc sorcerers (Orc:2)
  A stone giant zombie (D:15)
  A necromancer (D:15)
  5 ugly things
  11 fauns
  2 wolf spiders (Lair:6)
  12 manticores
  A moth of wrath (Lair:6)
  6 cyclopes
  5 elephants (Lair:6)
  6 merfolk sirens
  A centaur zombie (D:14)
  5 black mambas
  2 torpor snails (Lair:5)
  3 rime drakes
  A yaktaur zombie (D:15)
  11 spiny frogs
  2 kobold demonologists
  2 gargoyles (D:12)
  4 komodo dragons
  A guardian mummy (D:15)
  An efreet (D:15)
  2 freezing wraiths
  2 jumping spiders (Lair:4)
  7 trolls
  A wind drake (Shoals:3)
  2 hornets (Lair:6)
  A queen bee (D:9)
  A harpy skeleton (D:15)
  12 merfolk
  5 blink frogs (Lair:4)
  3 slime creatures (D:12)
  14 dream sheep (Lair:6)
  5 snapping turtles
  14 hippogriffs
  A redback (Lair:4)
  31 yaks
  A vampire (D:15)
  5 wraiths
  A spriggan skeleton (D:15)
  4 water elementals
  3 wyverns
  A human (shapeshifter) (D:14)
  9 basilisks
  2 chaos spawn
  A steam dragon (D:12)
  An elf zombie (D:15)
  A hungry ghost (D:12)
  6 vampire mosquitoes
  6 wargs
  A harpy simulacrum (D:15)
  A soldier ant (D:12)
  12 water moccasins
  7 porcupines
  39 orc warriors
  7 ice beasts
  2 eyes of draining
  5 sky beasts
  14 ogres
  7 phantoms
  9 wolves
  13 centaurs
  17 crocodiles
  9 big kobolds
  Blork the orc (D:5)
  15 bullfrogs
  A wyvern zombie (D:8)
  3 gnoll sergeants (D:12)
  A water moccasin zombie (D:7)
  4 small abominations
  A scorpion (D:7)
  A water moccasin skeleton (D:8)
  17 killer bees
  10 wights (D:14)
  2 howler monkeys
  9 crimson imps
  A bullfrog zombie (D:13)
  2 quasits
  3 starcursed masses (Abyss:2)
  8 hounds
  2 lava snakes (D:10)
  4 jellies
  20 orc wizards
  3 bullfrog skeletons
  4 centaur skeletons
  27 orc priests
  5 iguanas
  14 worker ants
  A statue (D:7)
  A hound zombie (D:10)
  A hound skeleton (D:6)
  A worker ant zombie (D:10)
  7 gnolls
  2 howler monkey skeletons
  16 adders
  5 shadow imps
  2 oozes
  3 worms
  2 dart slugs
  9 leopard geckos
  159 orcs
  6 ball pythons
  16 bats
  4 giant cockroaches
  24 goblins
  21 hobgoblins
  7 jackals
  35 kobolds
  3 quokkas
  4 frilled lizards
  A quokka zombie (D:6)
  20 rats
  2 fungi (Lair:6)
  4 plants (Shoals:3)
  A tentacle (Shoals:2)
971 creatures vanquished.

Vanquished Creatures (collateral kills)
  A sea snake (Shoals:3)
  A spriggan (Lair:6)
2 creatures vanquished.

Vanquished Creatures (others)
  2 krakens
  2 merfolk impalers (Shoals:4)
  An alligator snapping turtle (Shoals:3)
  A two-headed ogre (D:13)
  2 satyrs (Shoals:3)
  3 merfolk avatars
  A merfolk aquamancer (Shoals:2)
  3 death yaks
  A skeletal warrior (D:13)
  6 sea snakes
  An orange crystal statue (D:10)
  4 manticores
  A merfolk siren (Shoals:4)
  A centaur zombie (D:14)
  8 fauns (Shoals:3)
  A rime drake (D:13)
  A troll (D:14)
  A wind drake (Shoals:1)
  A snapping turtle (Shoals:4)
  A yak (D:14)
  3 water elementals
  An acid dragon (D:12)
  A centaur (D:14)
  A small abomination (Abyss:1)
  An orc wizard (D:14)
  2 orcs
  A bush (Abyss:1)
  9 fungi
  43 plants
  11 starspawn tentacles
  27 tentacles
  5 toadstools (D:1)
147 creatures vanquished.

Grand Total: 1120 creatures vanquished

Notes
Turn   | Place    | Note
-------+----------+-------------------------------------------
     0 | Abyss:1  | Belius the Formicid Abyssal Knight began the quest for the
                  | Orb.
     0 | Abyss:1  | Reached XP level 1. HP: 18/18 MP: 2/2
    35 | Abyss:1  | Noticed an ophan
    38 | D:1      | Escaped the Abyss
    77 | D:1      | Reached * piety under Lugonu
    79 | D:1      | Reached XP level 2. HP: 23/25 MP: 3/3
   595 | D:1      | Reached XP level 3. HP: 30/30 MP: 4/4
   955 | D:1      | Reached ** piety under Lugonu
  1256 | D:2      | Found a snail-covered altar of Cheibriados.
  1332 | D:2      | Reached XP level 4. HP: 33/37 MP: 5/5
  1338 | D:2      | Reached skill level 1 in Dodging
  1477 | D:2      | Found a hazy altar of Hepliaklqana.
  2000 | D:3      | Reached XP level 5. HP: 40/42 MP: 6/6
  2158 | D:3      | Reached *** piety under Lugonu
  2178 | D:3      | Found a basalt altar of Yredelemnul.
  2373 | D:3      | Found a hide-covered altar of Uskayaw.
  2634 | D:4      | Reached XP level 6. HP: 44/48 MP: 7/7
  2684 | D:4      | Found a glowing drain.
  2691 | D:4      | Reached skill level 1 in Shields
  2698 | Sewer    | Entered a sewer
  3047 | Sewer    | Reached XP level 7. HP: 43/55 MP: 8/8
  3131 | Sewer    | Reached skill level 5 in Long Blades
  3948 | D:4      | Reached **** piety under Lugonu
  4513 | D:5      | Entered Level 5 of the Dungeon
  4713 | D:5      | Reached XP level 8. HP: 61/61 MP: 9/9
  4967 | D:5      | Noticed Blork the orc
  5000 | D:5      | Killed Blork the orc
  5000 | D:5      | Reached skill level 5 in Fighting
  5471 | D:6      | Reached skill level 5 in Armour
  5845 | D:6      | Found a glowing silver altar of Zin.
  6011 | D:6      | Found an ornate altar of the Wu Jian Council.
  6093 | D:6      | Found a stormy altar of Qazlal.
  6269 | D:6      | Reached skill level 5 in Shields
  6269 | D:6      | Reached XP level 9. HP: 58/68 MP: 10/10
  6529 | D:6      | Found a runed translucent door.
  6557 | D:6      | Reached skill level 1 in Stealth
  6901 | D:6      | Found a roughly hewn altar of Beogh.
  7069 | D:7      | Found a radiant altar of Vehumet.
  7101 | D:7      | Found a glowing golden altar of the Shining One.
  7290 | D:7      | Got a crude shield
  7304 | D:7      | Identified the +1 shield of the Country {Str+4 SInv} (You
                  | found it on level 7 of the Dungeon)
  7351 | D:7      | Reached ***** piety under Lugonu
  7394 | D:7      | Found a staircase to the Ecumenical Temple.
  8266 | D:8      | Found a bloodstained altar of Trog.
  8331 | D:8      | Reached XP level 10. HP: 77/77 MP: 11/11
  8751 | D:8      | Found an opulent altar of Gozag.
  8943 | D:9      | Noticed a two-headed ogre
  9378 | D:9      | Found a shadowy altar of Dithmenos.
  9621 | D:9      | Reached skill level 5 in Stealth
  9836 | D:9      | Got a faintly glowing falchion
  9837 | D:9      | Identified the +6 falchion "Iniv Odeucw" {flame, rElec rF+}
                  | (You found it on level 9 of the Dungeon)
 10038 | D:10     | Entered Level 10 of the Dungeon
 10164 | D:10     | Noticed an unseen horror
 10174 | D:10     | Killed an unseen horror
 10324 | D:10     | Noticed an orange crystal statue
 10405 | D:10     | Reached XP level 11. HP: 83/83 MP: 12/12
 10822 | D:11     | Reached skill level 10 in Long Blades
 10901 | D:11     | Found a staircase to the Lair.
 10923 | D:11     | Noticed Urug
 10952 | D:11     | Killed Urug
 11036 | D:11     | Noticed a green ugly thing
 11127 | D:11     | Killed a green ugly thing
 11404 | D:11     | Reached ****** piety under Lugonu
 11440 | D:11     | Found a roughly hewn altar of Beogh.
 11559 | D:11     | Found Nonul's Assorted Antiques.
 11592 | D:11     | Bought a brightly glowing chain mail for 190 gold pieces
 11602 | D:11     | Identified the cursed +0 chain mail of the Orcish Mines
                  | {rF+ Str+4} (You bought it in a shop on level 11 of the
                  | Dungeon)
 11602 | D:11     | Bought a scroll of identify for 40 gold pieces
 11602 | D:11     | Bought a scroll of identify for 40 gold pieces
 11602 | D:11     | Bought a scroll of identify for 40 gold pieces
 11602 | D:11     | Bought a cabochon ring for 100 gold pieces
 11757 | D:12     | Noticed a deep elf mage
 11762 | D:12     | Killed a deep elf mage
 11780 | D:12     | Noticed a green ugly thing
 11789 | D:12     | Killed a green ugly thing
 11793 | D:12     | Noticed a manticore
 11800 | D:12     | Killed a manticore
 11826 | D:12     | Noticed a cyclops
 11836 | D:12     | Killed a cyclops
 11842 | D:12     | Noticed a manticore
 11851 | D:12     | Killed a manticore
 11853 | D:12     | Noticed a sphinx
 11930 | D:12     | Reached XP level 12. HP: 87/92 MP: 13/13
 12000 | D:12     | Reached skill level 10 in Shields
 12131 | D:12     | Found a staircase to the Orcish Mines.
 12154 | D:12     | Noticed an unseen horror
 12175 | D:12     | Killed an unseen horror
 13037 | D:13     | Noticed a two-headed ogre
 13094 | D:13     | Noticed a two-headed ogre
 13094 | D:13     | Noticed an ogre mage
 13434 | D:13     | Noticed a two-headed ogre
 13538 | D:13     | Killed an ogre mage
 13831 | D:13     | Killed a two-headed ogre
 13831 | D:13     | Reached skill level 1 in Evocations
 13840 | D:13     | Reached XP level 13. HP: 100/100 MP: 16/16
 13983 | D:13     | Reached skill level 5 in Invocations
 14032 | D:13     | Noticed a centaur warrior
 14059 | D:13     | Killed a centaur warrior
 14196 | Lair:1   | Entered Level 1 of the Lair of Beasts
 14439 | Lair:1   | Noticed a five-headed hydra
 14447 | Lair:1   | Killed a one-headed hydra
 14468 | Lair:1   | Noticed a seven-headed hydra
 14477 | Lair:1   | Killed a two-headed hydra
 14882 | Lair:2   | Reached skill level 10 in Armour
 15651 | Lair:2   | Found a staircase to the Shoals.
 16097 | Lair:3   | HP: 4/102 [spiny frog (7)]
 16569 | Lair:3   | Reached XP level 14. HP: 109/109 MP: 19/19
 16762 | Lair:4   | Found a shadowy altar of Dithmenos.
 17212 | Lair:4   | Found a hole to the Spider Nest.
 17931 | Lair:5   | Reached skill level 10 in Fighting
 18791 | Lair:6   | Entered Level 6 of the Lair of Beasts
 19669 | Lair:6   | Reached XP level 15. HP: 79/118 MP: 20/20
 20330 | Lair:6   | Found a transporter.
 20333 | Lair:6   | Identified the +8 trident of False Accusations {drain,
                  | *Corrode rPois rC+++ MR++}
 20334 | Lair:6   | Noticed execc's ghost (journeyman CeBe)
 20339 | Lair:6   | Found a bloodstained altar of Trog.
 20347 | Lair:6   | Found a transporter.
 20808 | Orc:1    | Entered Level 1 of the Orcish Mines
 20871 | Orc:1    | Found a flagged portal.
 20883 | Bailey   | Entered a bailey
 21138 | Bailey   | Noticed an orc warlord
 21616 | Orc:2    | Entered Level 2 of the Orcish Mines
 21808 | Orc:2    | Found a staircase to the Elven Halls.
 21882 | Orc:2    | Noticed Nessos
 21893 | Orc:2    | Killed Nessos
 21908 | Orc:2    | Found a roughly hewn altar of Beogh.
 21938 | Orc:2    | Found Fewnox's Food Shoppe.
 21964 | Orc:2    | Reached skill level 10 in Stealth
 22053 | Orc:2    | Found a roughly hewn altar of Beogh.
 22063 | Orc:2    | Found Umophuq's Food Shop.
 22310 | Orc:2    | Noticed a stone giant
 22354 | Orc:2    | Killed a stone giant
 22707 | Orc:2    | Found a roughly hewn altar of Beogh.
 22720 | Orc:2    | Found Ludicsol's Assorted Antiques.
 23351 | Orc:2    | Noticed Saint Roka
 23442 | Orc:2    | Killed Saint Roka
 23579 | Orc:2    | Identified a +5 great sword of distortion (a +3 great sword
                  | of holy wrath corrupted by Lugonu)
 23579 | Orc:2    | Received a gift from Lugonu
 23643 | Orc:2    | Found Lekhlaq's Antique Weapon Shop.
 23656 | Orc:2    | Found a roughly hewn altar of Beogh.
 23659 | Orc:2    | Found Rimir's Antique Armour Boutique.
 23665 | Orc:2    | Bought a runed scarf for 232 gold pieces
 24132 | D:12     | Cast into level 2 of the Abyss (death knight)
 24464 | Abyss:2  | Noticed a tentacled starspawn
 24465 | Abyss:2  | Noticed a bone dragon
 24469 | D:12     | Escaped the Abyss
 24723 | D:12     | Killed a sphinx
 24723 | D:12     | Reached XP level 16. HP: 121/127 MP: 21/21
 25115 | D:13     | Got a crude scale mail
 25126 | D:13     | Identified the +5 scale mail of the Moon Troll {rF+ Str+4
                  | Int-4 Dex+3} (You found it on level 13 of the Dungeon)
 25238 | D:13     | Reached skill level 15 in Long Blades
 25420 | D:13     | Found a gate to the Vaults.
 25685 | D:14     | Reached skill level 15 in Shields
 26701 | D:15     | Entered Level 15 of the Dungeon
 26896 | D:15     | Found a staircase to the Depths.
 27933 | Shoals:1 | Entered Level 1 of the Shoals
 28622 | Shoals:2 | Reached XP level 17. HP: 131/135 MP: 23/23
 28933 | Shoals:2 | Noticed a kraken
 29505 | Shoals:2 | Banished a kraken
 30110 | Shoals:3 | Corrupted Shoals:3
 30110 | Shoals:3 | Noticed a tentacled starspawn
 30435 | Shoals:4 | Entered Level 4 of the Shoals
 31825 | Shoals:4 | Identified 2 scrolls of acquirement
 31827 | Shoals:4 | Got a twisted large shield
 31838 | Shoals:4 | Identified the +7 large shield "Zabeg" {+Inv rF+ rCorr
                  | Str-5 SInv} (You acquired it on level 4 of the Shoals)
 31839 | Shoals:4 | Got a distressingly furry crystal plate armour
 31850 | Shoals:4 | Identified the +14 crystal plate armour of Iheimam {Str+4
                  | Stlth+} (You acquired it on level 4 of the Shoals)
 31852 | Shoals:4 | Noticed a kraken
 31865 | Shoals:4 | Reached skill level 10 in Invocations
 31923 | Shoals:4 | Corrupted Shoals:4
 31923 | Shoals:4 | Noticed a bone dragon
 31935 | Shoals:4 | Killed a kraken
 32173 | Shoals:4 | Found the +7 lajatang of Order {silver, rMut}
 32330 | Abyss:1  | Killed a kraken
 32443 | Shoals:4 | Escaped the Abyss
 32586 | Shoals:4 | Noticed Polyphemus
 32780 | Abyss:1  | Noticed a tentacled starspawn
 32796 | Abyss:1  | Killed a tentacled starspawn
 32796 | Abyss:1  | Killed from afar by a hellion

Levels and vault maps discovered:
D:1:      ldierk_walled_garden, layout_rooms
D:2:      layout_basic, overflow_temple_1_default, cheibriados_altar_1,
          kennysheep_cross_room, minmay_pentomino_v2
D:3:      layout_rooms, lemuel_coloured_pillars_altar, overflow_temple_1_default
D:4:      layout_loops_corners, first_ration, gup_sewer_entry_bubbles
D:5:      layout_rooms, minmay_statues_item, uniq_blork_the_orc
D:6:      layout_basic, grunt_qazlal_clouds, marbit_many_paths,
          kennysheep_mini_moat, st_stairs_9, lightli_church_of_beogh
D:7:      layout_layer_cave, vehumet_statue, kennysheep_mini,
          minmay_temple_entry_statues_fountains
D:8:      layout_rooms, grunt_gozag_breadcrumbs, lemuel_doored_altar
D:9:      layout_stronghold, david_nohive_1, grunt_dithmenos_smoke_and_mirrors
D:10:     layout_loops_ring, disabler_island
D:11:     layout_roguey [special_room_orc], erik_lair_orcish_takeover,
          serial_shops, nicolae_shop_overgrown_old_shop, uniq_urug
D:12:     layout_stronghold, kennysheep_orc_monster_closet_entryway,
          gauntlet_entry_generic, minmay_evil_grid
D:13:     layout_cross, hangedman_vaults_entry_quadrant_bands,
          portal_ice_cave_rime, dk_noncrumbling_3
D:14:     layout_loops_ring, minmay_fractal_squares_5
D:15:     gammafunk_depths_entry_grave, layout_rooms
Lair:1:   layout_regular_city, grunt_megastairs_5
Lair:2:   layout_loops_ring, elwin_shoals_entry_rocks, grunt_megastairs_2
Lair:3:   layout_cave_pods, nicolae_quartered_pool_little, beast_lair_carwin_7
Lair:4:   layout_gridlike, spider_nest_entry_funnel_web, basic_altar
Lair:5:   layout_long_grid, grunt_megastairs_1, serial_bayou_shore_a
Lair:6:   hangedman_lair_in_review, layout_regular_city,
          minmay_slime_entry_oklob_enclosed, gammafunk_ghost_wrathful_warriors,
          lemuel_fruit_tree
Shoals:1: layout_shoals
Shoals:2: argonaut_golden_fleece, layout_shoals, serial_shops, shop
Shoals:3: layout_shoals, serial_shops, bzr_entry_gold,
          nicolae_shoals_hunting_party
Shoals:4: shoals_end_hangedman, layout_shoals, nicolae_shoals_isolated_beach,
          uniq_polyphemus
Orc:1:    layout_caves, enter_bailey_2, nicolae_orc_lost_temple
Orc:2:    grunt_orc_community_town_hall, layout_caves,
          grunt_orc_community_big_house_2, grunt_orc_community_big_house_2,
          grunt_orc_community_house_2, grunt_orc_community_house_3,
          grunt_orc_community_house_3, grunt_orc_community_house_2,
          grunt_orc_community_house_1, serial_shops,
          nicolae_shop_temple_entry_statues_fountains, nicolae_orc_damp_corner,
          uniq_nessos
Abyss:1:  base: D:3, base:
D:2

Skill      XL: |  1  2  3  4  5  6  7  8  9 10 11 12 13 14 15 16 17 |
---------------+----------------------------------------------------+-----
Fighting       | 4 5 6 8 9 11 12 13 | 13.2
Long Blades    | 3 4 5 7 8 9 11 12 13 14 15 16 | 16.5
Dodging        | 1 |  1.2
Armour         | 3 4 5 6 7 8 9 10 11 12 13 | 13.4
Shields        | 2 3 5 6 8 9 11 12 13 14 15 16 | 16.2
Stealth        | 3 6 8 9 10 | 10.7
Invocations    | 4 7 9 10 | 10.4
Evocations     | 1 2 3 |  3.3

Action                   |  1- 3 |  4- 6 |  7- 9 | 10-12 | 13-15 | 16-18 || total
-------------------------+-------+-------+-------+-------+-------+-------++-------
Melee: Falchion          |    98 |   293 |   703 |   829 |  1587 |       ||  3510
       Great sword       |       |       |       |       |    94 |   774 ||   868
Invok: Depart the Abyss  |     1 |       |       |       |     1 |     1 ||     3
       Bend Space        |       |       |     5 |     2 |       |     5 ||    12
       Brand Weapon With |       |       |       |       |     1 |       ||     1
       Corrupt           |       |       |       |       |       |     2 ||     2
       Enter the Abyss   |       |       |       |       |       |     2 ||     2
 Abil: Dig               |     1 |     5 |    13 |    22 |    57 |    27 ||   125
       Evoke Invisibilit |       |       |       |       |       |     3 ||     3
Evoke: Wand              |       |       |       |     9 |     6 |    41 ||    56
       Phial of floods   |       |       |       |       |     1 |       ||     1
       Sack of spiders   |       |       |       |       |       |     5 ||     5
       Phantom mirror    |       |       |       |       |       |     1 ||     1
  Use: Scroll            |       |     7 |     8 |    13 |     9 |    12 ||    49
       Potion            |       |       |     3 |     1 |    18 |    11 ||    33
 Stab: Sleeping          |       |       |       |     2 |       |     7 ||     9
       Petrified         |       |       |       |       |    18 |       ||    18
       Paralysed         |       |       |       |       |    11 |       ||    11
       Petrifying        |       |       |       |       |     1 |       ||     1
       Distracted        |       |       |       |       |       |     1 ||     1
       Confused          |       |       |       |       |       |     2 ||     2
  Eat: Chunk             |     1 |     7 |    13 |    16 |    32 |    16 ||    85
       Ration            |       |       |     2 |     2 |     3 |     6 ||    13
Armor: Leather armour    |    49 |       |       |       |       |       ||    49
       Ring mail         |     1 |   142 |    27 |       |       |       ||   170
       Scale mail        |       |       |    63 |    31 |       |   217 ||   311
       Skin              |       |       |    29 |       |     4 |       ||    33
       Chain mail        |       |       |   106 |   236 |   213 |       ||   555
       Plate armour      |       |       |       |       |   219 |    15 ||   234
       Crystal plate arm |       |       |       |       |       |    70 ||    70
Dodge: Dodged            |    96 |   125 |   148 |   187 |   287 |   254 ||  1097
Block: Shield            |       |    93 |   283 |   403 |   792 |   500 ||  2071
       Large shield      |       |       |       |       |       |   184 ||   184
       Buckler           |       |       |       |       |       |    36 ||    36
       Reflection        |       |       |       |       |       |    15 ||    15
       Rpst.: Falchion   |    33 |    39 |    50 |    47 |    75 |       ||   244
       Great sword       |       |       |       |       |     4 |    41 ||    45
